[Event "Centenario Panaderia Pulido 2023"]
[Site "San Mateo Gran Canaria"]
[Date "2023.12.09"]
[Round "9.14"]
[White "Sanchez Gonzalez, Diego"]
[Black "Rivero Pena, Himar"]
[Result "1-0"]
[ECO "E90"]
[WhiteElo "1858"]
[BlackElo "1594"]
[Annotator "NA"]
[PlyCount "63"]
[EventDate "2023.12.04"]
[EventType "swiss"]
[EventCountry "ESP"]
[SourceTitle "playchess.com"]
[Source "ChessBase"]
[SourceQuality "1"]
[TimeControl "5400+30"]

1. e4 g6 2. d4 Bg7 3. c4 d6 4. Nf3 Nf6 5. Nc3 O-O 6. h3 b6 7. Be3 Bb7 8. Nd2 e6 9. Bd3 d5 10. e5 Nfd7 11. cxd5 exd5 12. O-O c5 13. f4 cxd4 14. Bxd4 Nc5 15. Bc2 Nc6 16. Bf2 d4 17. Nb5 Ba6 18. a4 Nb4 19. Nc4 Bxb5 20. axb5 d3 21. Bb1 Qd5 22. Nd6 f6 23. Bxc5 bxc5 24. Rf3 fxe5 25. Bxd3 Qd4+ 26. Kh1 Nxd3 27. Rxd3 Qxb2 28. Rb1 Qf2 29. Qb3+ Kh8 30. Nf7+ Kg8 31. Nh6+ Kh8 32. Qg8+ 1-0

[Event "Centenario Panaderia Pulido 2023"]
[Site "San Mateo Gran Canaria"]
[Date "2023.12.09"]
[Round "9.15"]
[White "Rivero Reyes, Alejandro"]
[Black "Ramirez Maillo, Juan Adonay"]
[Result "0-1"]
[ECO "B30"]
[WhiteElo "1689"]
[BlackElo "1857"]
[Annotator "NA RC"]
[PlyCount "28"]
[EventDate "2023.12.04"]
[EventType "swiss"]
[EventCountry "ESP"]
[SourceTitle "playchess.com"]
[Source "ChessBase"]
[SourceQuality "1"]
[TimeControl "5400+30"]

1. e4 c5 2. Nf3 Nc6 3. Bb5 e5 4. Bxc6 dxc6 5. O-O Bd6 6. d3 Ne7 7. a4 a5 8. b3 Ng6 9. Nbd2 Bc7 10. Nc4 f6 11. Ne3 h5 12. Nf5 Bxf5 13. exf5 Ne7 14. Nh4 Qd4 0-1